 Dungeon Crawl Stone Soup version 0.29.1-1-gd02db6906a (webtiles) character file.

Game seed: 17626315687263328654

777 Ashen the Chiller (level 7, -1/52 HPs)
             Began as a Demonspawn Ice Elementalist on Sept 24, 2022.
             Slain by Duvessa
             ... wielding a +0 rapier
              (4 damage)
             ... on level 5 of the Dungeon.
             The game lasted 00:08:46 (4826 turns).

Ashen the Chiller (Demonspawn Ice Elementalist)     Turns: 4826, Time: 00:08:46

Health: -1/52      AC: 13    Str:  9    XL:     7   Next: 54%
Magic:  4/12       EV: 13    Int: 18    God:
Gold:   159        SH:  0    Dex: 13    Spells: 6/13 levels left

rFire   . . .      SeeInvis .   j - +3 short sword
rCold   . . .      Faith    .   (no shield)
rNeg    . . .      Spirit   .   a - +0 robe
rPois   .          Reflect  .   D - +2 helmet
rElec   .          Harm     .   c - +0 cloak
rCorr   .          Rampage  .   f - +0 pair of gloves
Will    .....                   (no boots)
Stlth   +++.......              (no amulet)
HPRegen 0.17/turn               (no ring)
MPRegen 0.13/turn               (no ring)

@: ice-armoured, freezing walls
A: ignite blood 1, demonic magic 2, weakness stinger 1
a: no special abilities


You were on level 5 of the Dungeon.
You visited 1 branch of the dungeon, and saw 5 of its levels.
You also visited: Sewer.

You collected 159 gold pieces.

Inventory:

Hand Weapons
 j - a +3 short sword (weapon)
 H - a +1 dagger of electrocution
Missiles
 h - 6 poisoned darts (quivered)
 t - 6 javelins
Armour
 a - a +0 robe (worn)
 c - a +0 cloak (worn)
 f - a +0 pair of gloves (worn)
 D - a +2 helmet (worn)
Jewellery
 l - a ring of protection from cold
 x - an amulet of reflection
 E - a ring of ice
Scrolls
 g - 2 scrolls of butterflies {unknown}
 i - a scroll of magic mapping {unknown}
 n - a scroll of vulnerability {unknown}
 o - 2 scrolls of blinking {unknown}
 p - 2 scrolls of poison {unknown}
 q - 2 scrolls of immolation {unknown}
 v - a scroll of enchant weapon {unknown}
 w - 2 scrolls of enchant armour {unknown}
 y - 3 scrolls of identify {unknown}
 A - a scroll of fear {unknown}
 C - a scroll of summoning {unknown}
 F - a scroll of silence {unknown}
Potions
 b - a potion of magic
 d - a potion of heal wounds {unknown}
 e - a potion of mutation {unknown}
 k - 2 potions of haste {unknown}
 m - a potion of invisibility {unknown}
 r - 2 potions of brilliance {unknown}
 s - 5 potions of curing {unknown}
 u - a potion of lignification {unknown}
 z - 2 potions of might {unknown}
 B - 2 potions of resistance {unknown}
 G - a potion of berserk rage {unknown}


   Skills:
 + Level 3.3 Fighting
 + Level 3.8 Dodging
 + Level 4.1 Stealth
 + Level 3.9 Spellcasting
 + Level 5.0 Ice Magic


You had 6 spell levels left.
You knew the following spells:

 Your Spells              Type           Power      Damage    Failure   Level
a - Freeze                Ice            84%        1d10      1%          1
b - Frozen Ramparts       Ice            42%        1d7       5%          3
c - Ozocubu's Armour      Ice            21%        N/A       5%          3

Your spell library contained the following spells:

 Spells                   Type           Power      Damage    Failure   Level
 Sandblast                Erth           6%         2d5       16%         1
 Passwall                 Tmut/Erth      2%         N/A       22%         2
 Stone Arrow              Conj/Erth      6%         3d7       41%         3
 Tukima's Dance           Hex            3%         N/A       41%         3
 Hailstorm                Conj/Ice       12%        3d5       45%         4
 Passage of Golubria      Tloc           3%         N/A       83%         4
 Yara's Violent Unravell  Hex/Tmut       1%         3d3       99%         5


Dungeon Overview and Level Annotations

Branches:
Dungeon (5/15)              Sewer (visited)
 Temple: D:4-7

Altars:

Annotations:
D:5 Duvessa


Innate Abilities, Weirdness & Mutations

Your demonic aura sometimes causes spilled blood to erupt in flames.
Spells you cast may paralyse nearby enemies.
You have a small tail.


Message History

The wall freezes Duvessa but does no damage.
Duvessa hits you with a +0 rapier!
* * * LOW HITPOINT WARNING * * *
Casting: Ozocubu's Armour (dangerous; 5% risk of failure)
Confirm with . or Enter, or press ? or * to list all spells.
Okay, then.
Magic courses through your body.
Duvessa is engulfed in blazing flames.
The wall freezes Duvessa but does no damage.
Duvessa barely misses you.
The wall freezes Duvessa but does no damage.
Duvessa hits you with a +0 rapier!
* * * LOW HITPOINT WARNING * * *
Casting: Ozocubu's Armour (dangerous; 5% risk of failure)
Confirm with . or Enter, or press ? or * to list all spells.
Your icy armour thickens.
Malevolent energies surge around you.
The frozen ramparts melt away.
Duvessa is engulfed in blazing flames.
Duvessa misses you.
Casting: Ozocubu's Armour (dangerous; 5% risk of failure)
Confirm with . or Enter, or press ? or * to list all spells.
Casting: Frozen Ramparts (dangerous; 5% risk of failure)
Press: ? - help, Dir - look around, f - activate An open door, spattered with blood.
The walls around you are covered in ice.
Malevolent energies surge around you.
The wall freezes Duvessa but does no damage.
Duvessa hits you with a +0 rapier.
* * * LOW HITPOINT WARNING * * *
The wall freezes Duvessa but does no damage.
Duvessa hits you but does no damage.
Casting: Frozen Ramparts (dangerous; 5% risk of failure)
Confirm with . or Enter, or press ? or * to list all spells.
Aiming: Freeze (safe; 1% risk of failure)
Press: ? - help, Shift-Dir - straight line, f - Duvessa
Aim: Duvessa, wielding a +0 rapier and wearing a +2 ring mail of cold resistance (almost dead, berserk)
Okay, then.
Casting: Freeze (safe; 1% risk of failure)
Confirm with . or Enter, or press ? or * to list all spells.
Your icy armour thickens.
Malevolent energies surge around you.
Duvessa resists.
The wall freezes Duvessa.
Duvessa hits you with a +0 rapier.
You die...

##### #....
#.... #....
#)...#######..
###....#<)......
......e@........
###....######...
#.... . #....
...... .......
....... .......


You could see Duvessa (berserk).

Vanquished Creatures
  A black bear (D:4)
  2 bullfrogs (Sewer)
  Dowan (D:5)
  3 hounds (D:4)
  An orc priest (D:4)
  An iguana (D:4)
  11 gnolls
  6 river rats
  8 adders
  A worm (D:2)
  2 dart slugs
  5 orcs
  12 endoplasms
  4 giant cockroaches
  3 hobgoblins
  8 jackals
  4 quokkas
  17 ball pythons
  5 bats
  11 frilled lizards
  7 goblins
  9 kobolds
  37 rats
159 creatures vanquished.

Notes
Turn   | Place    | Note
-------+----------+-------------------------------------------
     0 | D:1      | Ashen the Demonspawn Ice Elementalist began the quest for
                  | the Orb.
     0 | D:1      | Reached XP level 1. HP: 13/13 MP: 3/3
   241 | D:1      | Gained mutation: You have a small tail. [demonic ancestry]
   241 | D:1      | Reached XP level 2. HP: 20/20 MP: 3/5
   868 | D:1      | Reached skill level 1 in Fighting
   868 | D:1      | Gained mutation: Your demonic aura sometimes causes spilled
                  | blood to erupt in flames. [demonic ancestry]
   868 | D:1      | Reached XP level 3. HP: 16/26 MP: 4/6
  2065 | D:2      | Found a faded altar of an unknown god.
  2389 | D:3      | Reached skill level 4 in Ice Magic
  2389 | D:3      | Gained mutation: Spells you cast may paralyse adjacent
                  | enemies. [demonic ancestry]
  2389 | D:3      | Reached XP level 4. HP: 32/32 MP: 5/7
  2491 | D:3      | Found a glowing drain.
  2513 | Sewer    | Entered a sewer
  2850 | Sewer    | Reached XP level 5. HP: 8/38 MP: 1/9
  3253 | Sewer    | Learned a level 3 spell: Frozen Ramparts
  3257 | Sewer    | Learned a level 3 spell: Ozocubu's Armour
  3487 | Sewer    | Reached XP level 6. HP: 28/44 MP: 6/10
  4124 | D:4      | Gained mutation: Spells you cast may paralyse nearby
                  | enemies. [demonic ancestry]
  4124 | D:4      | Reached XP level 7. HP: 43/51 MP: 10/12
  4804 | D:5      | Entered Level 5 of the Dungeon
  4806 | D:5      | Noticed Duvessa
  4806 | D:5      | Noticed Dowan
  4813 | D:5      | Killed Dowan
  4814 | D:5      | Reached skill level 5 in Ice Magic
  4826 | D:5      | Slain by Duvessa

Illustrated notes

Levels and vault maps discovered:
D:1:      wander_arrival_desolate, layout_loops_ring, st_stairs_7
D:2:      layout_basic, shapermc_ecumenical_altar_mp_vishouse,
          nicolae_kite_square_tiling_tiny, nicolae_wormholes
D:3:      layout_loops_corners, portal_sewer_entry_b
D:4:      layout_rooms
D:5:      layout_basic, serial_shops, nicolae_shop_stone, uniq_ijyb,
          uniq_duvessa

Skill      XL: |  1  2  3  4  5  6  7 |
---------------+----------------------+-----
Stealth        | 2 3 4 |  4.1
Dodging        | 2 3 |  3.8
Fighting       | 1 2 3 |  3.3
Ice Magic      | 4 5 |  5.0
Spellcasting   | 3 |  3.9

Action                   |  1- 3 |  4- 6 |  7- 9 || total
-------------------------+-------+-------+-------++-------
Melee: Unarmed           |    41 |       |       ||    41
       Short sword       |    50 |   132 |    44 ||   226
       Tailslap          |     8 |    17 |     6 ||    31
       Punch             |       |     1 |       ||     1
 Cast: Freeze            |    47 |    31 |     3 ||    81
       Frozen Ramparts   |       |     3 |     6 ||     9
       Ozocubu's Armour  |       |     2 |     7 ||     9
  Use: Potion            |       |       |     1 ||     1
 Stab: Sleeping          |     7 |     7 |     4 ||    18
       Distracted        |     1 |       |     1 ||     2
       Paralysed         |       |    28 |    17 ||    45
Armor: Robe              |    42 |    52 |    13 ||   107
Dodge: Dodged            |    76 |   117 |    39 ||   232
